Map: Ultralove

Players

MaxPax - Winner!

  • Race: Protoss Protoss
  • League: Grandmaster
  • Spawn Location: 7:00

HeroMarine

  • Race: Terran Terran
  • Spawn Location: 1:00

VOD

Have the link to the VOD?

Description

Time

  • Played on: Aug. 15, 2025, 9:16 a.m.
  • Length: 11:43
Show
View Real Time Build Order
Export as new Build Order

MaxPax Protoss - Winner!

Build Orders: 1 Gate Expand, Archon Immortal, Blink Stalkers 

Get SALT Encoding   

  12  0:00  Probe  
  13  0:12  Probe  
  14  0:16  Pylon  
  14  0:22  Probe  
  15  0:31  Probe  
  16  0:35  Gateway  
  16  0:39  Probe  
  16  0:45  Assimilator  
  17  0:50  Probe  
  18  1:03  Probe  
  19  1:15  Probe  
  20  1:22  Cybernetics Core  
  20  1:31  Nexus  
  20  1:35  Probe  
  21  1:40  Pylon  
  21  1:47  Probe  
  21  1:48  Adept, Assimilator  
  22  2:00  Probe, Warp Gate  
  25  2:08  Adept  
  25  2:10  Shield Battery  
  25  2:12  Probe  
  28  2:25  Probe  
  28  2:29  Twilight Council  
  29  2:37  Probe  
  29  2:39  Stalker  
  29  2:41  Probe  
  32  2:49  Probe x2, Blink  
  34  2:57  Gateway  
  35  3:00  Probe  
  35  3:01  Probe  
  37  3:12  Probe  
  38  3:15  Probe  
  39  3:24  Robotics Facility, Probe  
  40  3:27  Probe  
  40  3:30  Gateway  
  41  3:36  Probe  
  41  3:39  Probe  
  41  3:40  Pylon  
  43  3:48  Probe  
  44  3:51  Stalker  
  44  3:54  Pylon  
  46  3:58  Probe  
  46  3:59  Stalker  
  46  4:00  Probe  
  46  4:01  Warp Prism  
  50  4:03  Assimilator  
  50  4:10  Probe  
  50  4:12  Probe  
  50  4:15  Pylon  
  54  4:20  Stalker  
  55  4:27  Stalker  
  55  4:29  Stalker  
  56  4:45  Immortal, Probe x2  
  59  4:57  Stalker x3  
  68  5:06  Charge  
  64  5:17  Nexus  
  63  5:24  Stalker x3  
  64  5:39  Pylon  
  64  5:45  Probe  
  64  5:48  Stalker x2  
  69  5:55  Probe  
  70  6:00  Probe  
  70  6:01  Assimilator  
  71  6:04  Observer  
  71  6:07  Probe  
  71  6:10  Nexus  
  73  6:12  Probe  
  73  6:14  Shield Battery  
  73  6:16  Templar Archives  
  74  6:19  Probe  
  74  6:24  Gateway, Probe  
  76  6:26  Pylon  
  76  6:32  Probe  
  77  6:34  Psionic Storm  
  77  6:36  Probe  
  78  6:44  Probe  
  79  6:48  Gateway  
  79  6:49  Probe  
  79  6:51  Gateway  
  79  6:52  Pylon  
  79  6:53  Stalker  
  82  6:55  Shield Battery  
  82  6:56  Probe  
  82  7:01  Probe, High Templar  
  86  7:10  Probe  
  86  7:11  Pylon  
  86  7:13  Probe  
  88  7:18  Gateway  
  88  7:19  High Templar x2  
  88  7:20  Gateway  
  88  7:22  Probe  
  93  7:23  Pylon  
  93  7:25  Immortal, Probe  
  93  7:27  Probe  
  95  7:31  Forge  
  95  7:34  Probe  
  95  7:36  Zealot x2  
  104  7:45  Sentry  
  106  7:55  Zealot x3  
  106  7:56  Immortal  
  110  8:02  Zealot x2  
  108  8:16  Probe  
  108  8:18  Archon  
  99  8:25  High Templar  
  99  8:26  High Templar  
  99  8:28  Probe x2  
  99  8:30  High Templar  
  99  8:31  Zealot x5, Assimilator  
  99  8:32  Assimilator  
  113  8:35  Probe  
  113  8:38  Gateway  
  113  8:39  Gateway  
  113  8:40  Protoss Ground Weapons Level 1  
  113  8:41  Nexus  
  114  8:42  Pylon  
  114  8:50  Immortal  
  114  8:52  Probe  
  119  9:00  Zealot x7  
  125  9:16  Zealot  
  115  9:23  Robotics Facility  
  115  9:24  Zealot x2  
  117  9:25  Zealot, Robotics Bay  
  117  9:28  High Templar  
  117  9:29  Immortal  
  117  9:30  Probe  
  122  9:47  Archon  
  122  9:48  Archon  
  122  9:51  Zealot x7  
  120  9:54  Zealot  
  120  9:55  Zealot  
  120  9:57  Colossus x2  
  116  10:00  Probe  
  116  10:04  Observer  
  109  10:07  High Templar  
  109  10:09  Probe  
  109  10:10  Probe x2  
  109  10:11  Observer  
  120  10:19  High Templar x2  
  124  10:22  Photon Cannon  
  124  10:23  Shield Battery  
  124  10:24  Zealot, Sentry  
  124  10:25  Pylon  
  128  10:32  Stalker x3  
  132  10:47  Zealot x5  
  133  10:57  Zealot x5  
  135  11:08  Stalker x5  
  141  11:15  Probe x2  
  141  11:18  Observer  
  144  11:25  Zealot x4  
  142  11:32  Archon  
  132  11:36  Zealot x6  
Show
View Real Time Build Order
Export as new Build Order

HeroMarine Terran 

Build Orders: Cyclone Opening 

Get SALT Encoding   

  12  0:00  SCV  
  13  0:12  SCV  
  14  0:16  Supply Depot  
  14  0:24  SCV  
  15  0:38  SCV  
  15  0:39  Barracks  
  16  0:43  Refinery  
  16  0:50  SCV  
  17  1:02  SCV  
  18  1:14  SCV  
  19  1:26  Orbital Command, Marine  
  20  1:40  Command Center  
  20  1:50  Factory  
  20  1:53  SCV  
  21  1:59  Refinery  
  21  2:05  SCV  
  22  2:09  Supply Depot, Barracks Tech Lab  
  22  2:17  SCV  
  23  2:30  SCV  
  23  2:36  Marine  
  25  2:39  Cyclone  
  25  2:43  SCV  
  29  2:46  Starport  
  29  2:52  Orbital Command  
  29  2:55  SCV, Barracks Reactor  
  30  3:04  Barracks  
  30  3:07  SCV  
  30  3:10  Orbital Command  
  30  3:11  Widow Mine  
  33  3:19  SCV  
  34  3:24  Supply Depot, Medivac  
  36  3:31  SCV  
  36  3:32  Marine x2  
  39  3:36  SCV  
  40  3:42  Siege Tank  
  40  3:43  SCV  
  40  3:47  Supply Depot  
  44  3:49  SCV  
  44  3:50  Marine x2  
  44  3:52  Marine  
  49  3:55  SCV  
  49  3:58  Refinery  
  49  3:59  Starport Tech Lab  
  49  4:01  SCV  
  50  4:07  SCV  
  50  4:08  Marine x2  
  53  4:11  Supply Depot  
  53  4:12  Marine  
  53  4:14  SCV  
  55  4:17  Siege Tank  
  55  4:19  SCV  
  59  4:24  Supply Depot  
  59  4:26  SCV  
  60  4:32  SCV  
  59  4:38  SCV  
  59  4:41  Supply Depot, Marine  
  59  4:42  Marine  
  59  4:44  SCV  
  59  4:45  Marine, Raven  
  66  4:49  Siege Tank  
  66  4:50  SCV  
  70  4:56  SCV  
  70  4:57  Barracks  
  70  4:59  Marine x2  
  72  5:02  SCV  
  72  5:03  Marine  
  72  5:04  Engineering Bay  
  75  5:09  SCV  
  73  5:17  Marine x2  
  75  5:21  Siege Tank  
  75  5:25  SCV x2  
  71  5:37  Stimpack, Marauder, SCV x2, Marine x2  
  71  5:41  Terran Infantry Weapons Level 1  
  76  5:49  SCV x2  
  75  5:53  Refinery  
  75  5:55  Marine x2  
  74  5:57  Starport Reactor  
  74  5:58  Marauder  
  74  6:01  SCV x2  
  70  6:05  Bunker  
  70  6:06  Factory Reactor, Combat Shield  
  65  6:13  Marine  
  65  6:14  Marine  
  65  6:16  Marauder  
  69  6:19  Marauder, Supply Depot  
  69  6:21  SCV  
  69  6:24  Supply Depot, SCV  
  73  6:29  Supply Depot  
  73  6:33  SCV  
  73  6:36  SCV  
  73  6:37  Marauder, Marine x2  
  76  6:41  Marauder  
  79  6:52  Medivac x2  
  82  6:54  Marine  
  82  6:56  Widow Mine  
  82  6:57  Supply Depot, Widow Mine  
  82  6:58  SCV  
  82  6:59  Marauder  
  82  7:00  SCV  
  91  7:02  Marauder, Marine  
  90  7:10  SCV  
  90  7:12  Marine  
  93  7:16  Concussive Shells  
  93  7:18  Missile Turret  
  93  7:19  Marine  
  93  7:20  Marauder, Widow Mine  
  93  7:21  Widow Mine  
  93  7:22  Medivac  
  102  7:23  Marine  
  102  7:26  Supply Depot  
  102  7:28  Medivac  
  104  7:30  Marine  
  103  7:41  Marauder  
  103  7:42  Marauder, Widow Mine  
  108  7:47  Marine  
  108  7:48  Marine  
  108  7:50  SCV x2  
  112  7:52  Medivac  
  112  7:54  Command Center  
  112  7:57  Widow Mine  
  112  7:58  Viking  
  117  8:02  SCV x2  
  117  8:03  Widow Mine  
  112  8:14  Marauder x2  
  112  8:17  SCV x2  
  112  8:19  Marine x2  
  105  8:22  Medivac  
  105  8:26  Widow Mine x2  
  105  8:30  Barracks  
  105  8:31  Terran Infantry Armor Level 1, Barracks  
  105  8:35  Medivac  
  105  8:36  Marauder  
  105  8:39  Marauder  
  111  8:42  SCV x2  
  111  8:44  Marine  
  111  8:45  Marine  
  115  8:50  Ghost Academy  
  115  8:52  Medivac  
  115  8:55  SCV  
  118  8:56  SCV  
  117  9:05  Medivac  
  117  9:06  Marauder x2  
  117  9:07  SCV  
  117  9:08  SCV  
  118  9:12  Marine x2  
  118  9:19  SCV  
  118  9:21  Barracks Tech Lab, Barracks Reactor  
  118  9:22  SCV, Medivac  
  122  9:28  Marauder, Widow Mine  
  122  9:30  Widow Mine  
  128  9:31  SCV  
  128  9:34  SCV  
  128  9:35  Marine x3, Medivac  
  132  9:42  Orbital Command  
  132  9:44  SCV  
  132  9:45  Marine  
  127  9:46  SCV  
  127  9:48  Marine  
  119  9:53  Marine  
  119  9:56  SCV, Marine  
  119  9:57  Marine  
  119  9:58  SCV  
  115  10:03  Marine x2  
  109  10:08  SCV  
  109  10:09  SCV, Marine  
  109  10:11  SCV  
  109  10:12  Marine  
  113  10:18  Widow Mine  
  113  10:20  Widow Mine  
  119  10:23  Medivac  
  119  10:25  Medivac  
  123  10:30  Marine x2  
  123  10:31  Marine x2, Ghost  
  123  10:34  Ghost  
  131  10:42  SCV x2  
  128  10:43  Marine  
  128  10:48  Marine x2  
  128  10:49  SCV  
  130  10:51  Refinery  
  130  10:52  Bunker  
  130  10:53  Supply Depot  
  130  10:54  SCV x2  
  122  11:00  Marine x2  
  122  11:01  Marine x2  
  120  11:05  Medivac  
  120  11:06  Widow Mine x2, Medivac  
  120  11:09  Marine, Engineering Bay, Armory  
  120  11:11  Marine x2  
  128  11:12  Refinery  
  128  11:18  Marine x2  
Tags
 
Add a new tag
Caveats
  • Supply blocks, unpowered buildings, or Contaminate may cause inaccurate times.
  • Supply counts are checked every 10 seconds.